 Dungeon Crawl Stone Soup version 0.25.1-8-g42b30a86e7 (webtiles) character file.

Game seed: 16838887262763448643

665 Azimut41r the Bolt Thrower (level 7, -1/42 HPs)
             Began as a Kobold Hunter on Dec 18, 2020.
             Killed themself with a badly aimed iceblast (7 damage)
             ... on level 4 of the Dungeon.
             The game lasted 00:20:21 (4072 turns).

Azimut41r the Bolt Thrower (Kobold Hunter)          Turns: 4072, Time: 00:20:21

Health: -1/42      AC:  3    Str:  9    XL:     7   Next: 87%
Magic:  7/7        EV: 15    Int: 12    God:
Gold:   146        SH:  0    Dex: 18    Spells: 6/6 levels left

rFire    . . .     SeeInvis .   a - +1 hand crossbow
rCold    . . .     Gourm    .   (shield restricted)
rNeg     . . .     Faith    .   c - +0 leather armour
rPois    .         Spirit   .   (no helmet)
rElec    .         Reflect  .   (no cloak)
rCorr    .         Harm     .   (no gloves)
MR       .....                  (no boots)
Stlth    ++........             (no amulet)
HPRegen  0.14/turn              (no ring)
MPRegen  0.10/turn              (no ring)

@: no status effects
A: small, carnivore
a: no special abilities


You were on level 4 of the Dungeon.
You were completely stuffed.

You visited 1 branch of the dungeon, and saw 4 of its levels.

You collected 146 gold pieces.

Inventory:

Hand Weapons
 a - a +1 hand crossbow (weapon)
 b - a +0 short sword
Missiles
 d - 9 bolts (quivered)
 t - 6 curare-tipped darts
 v - 3 boomerangs
 w - 6 javelins
Armour
 c - a +0 leather armour (worn)
 m - a +0 robe
Wands
 q - a wand of paralysis (3)
 x - a wand of iceblast (6)
Scrolls
 h - 3 scrolls of identify {unknown}
 j - 3 scrolls of teleportation {unknown}
 n - a scroll of amnesia {unknown}
 s - a scroll of remove curse {unknown}
 u - a scroll of magic mapping {unknown}
Potions
 e - a potion of brilliance {unknown}
 g - a potion of flight {unknown}
 i - a potion of haste {unknown}
 k - a potion of lignification {unknown}
 l - a potion of mutation {unknown}
 o - a potion of curing {unknown}
 p - a potion of stabbing {unknown}
Comestibles
 f - 6 rations


   Skills:
 + Level 3.6 Fighting
 + Level 0.1 Short Blades
 + Level 7.8 Crossbows
 + Level 4.1 Throwing
 + Level 2.0 Armour
 + Level 3.2 Dodging
 + Level 2.2 Stealth
 + Level 0.5 Evocations


You had 6 spell levels left.
You didn't know any spells.
Your spell library was empty.

Dungeon Overview and Level Annotations

Branches:
Dungeon (4/15)
 Temple: D:4-7

Altars:
Zin


Innate Abilities, Weirdness & Mutations

You are small and have problems with some larger weapons.
You are carnivorous and can eat meat at any time.


Message History

Press: ? - help, Shift-Dir - straight line You shoot a bolt.
Something hits you.
* * * LOW HITPOINT WARNING * * *
Okay, then.
That item cannot be evoked!
Unknown command.
Evoke which item? (* to show all) (? for menu, Esc to quit)
You're too confused!
You miss something.
You feel less confused. Something hits you.
* * * LOW HITPOINT WARNING * * *
Something barely misses you.
Evoke which item? (* to show all) (? for menu, Esc to quit)
Aiming: Iceblast
Press: ? - help, Shift-Dir - straight line The mass of ice explodes!
The iceblast engulfs something!
Reactivating autopickup.
You feel a bit more experienced. The iceblast engulfs you!
You die...

.......#.........# #..........
...###.#.........######..........
.......).)).......>.......##.....
...###.#.##.{###.#.####..........
...###.#.##.......(........#.#...
..##......#.#.##(#.####....#.#...
..#.......#.#.............#######
..#..######.#.##)#.##.#..........
.##..##.....#.##@#.##.#.#########
.##..##.#####.##.#.##)#..........
......#.#.....##..........#######
.....##.#.....##.................
.##.###.#....................##..
......#.#......#.................
###.##..#..#...#...........#.##..
#.....#........................
####..#.##.....................


There were no monsters in sight!

Vanquished Creatures
  Edmund (D:4)
  A phantom (D:4)
  Blork the orc (D:4)
  A gnoll sergeant (D:4)
  An orc priest (D:4)
  A hound (D:4)
  Jessica (D:1)
  2 worker ants (D:4)
  2 orc wizards (D:4)
  3 adders
  2 gnolls (D:4)
  An ooze (D:2)
  3 worms
  4 dart slugs
  2 leopard geckos
  5 orcs
  A ball python (D:4)
  5 giant cockroaches
  5 goblins
  7 hobgoblins
  6 jackals
  4 kobolds
  2 quokkas (D:2)
  5 bats
  5 frilled lizards
  9 rats
80 creatures vanquished.

Notes
Turn   | Place    | Note
-------+----------+-------------------------------------------
     0 | D:1      | Azimut41r the Kobold Hunter began the quest for the Orb.
     0 | D:1      | Reached XP level 1. HP: 12/12 MP: 1/1
    71 | D:1      | Reached skill level 5 in Crossbows
   169 | D:1      | Reached XP level 2. HP: 18/18 MP: 2/2
   407 | D:1      | Reached XP level 3. HP: 22/22 MP: 3/3
   666 | D:2      | Noticed Jessica
   677 | D:1      | Killed Jessica
   677 | D:1      | Reached skill level 6 in Crossbows
   677 | D:1      | Reached XP level 4. HP: 23/27 MP: 4/4
  1371 | D:2      | Reached XP level 5. HP: 32/32 MP: 5/5
  1412 | D:2      | Found a glowing silver altar of Zin.
  1603 | D:2      | Reached skill level 1 in Throwing
  2727 | D:4      | Noticed a phantom
  2746 | D:4      | Killed a phantom
  2746 | D:4      | Reached XP level 6. HP: 32/37 MP: 6/6
  2829 | D:4      | Reached skill level 1 in Armour
  2994 | D:4      | Noticed Blork the orc
  3015 | D:4      | Killed Blork the orc
  3422 | D:4      | Reached XP level 7. HP: 36/41 MP: 7/7
  3471 | D:4      | Noticed Edmund
  3516 | D:4      | Killed Edmund
  3516 | D:4      | Reached skill level 7 in Crossbows
  4072 | D:4      | Killed themself with a badly aimed iceblast

Illustrated notes

Levels and vault maps discovered:
D:1:      saegor_arrival_simple_c, layout_loops_ring, corexii_hall_statues_x
D:2:      layout_loops_ring, nicolae_overflow_hidden_temple, uniq_jessica
D:3:      layout_basic, grunt_decor_cap
D:4:      layout_basic, serial_co_window_serial, co_window_corner_a,
          co_window_paths_b, co_window_of_opportunity_a, co_window_corner_a,
          co_window_of_opportunity_a, co_window_corner_b,
          co_window_of_opportunity_b, co_window_of_opportunity_c,
          co_window_2corner, co_window_2corner, co_window_2corner,
          glass_columns_a, glass_columns_a, glass_columns_a, glass_columns_a,
          kennysheep_generic_room_11, uniq_edmund, uniq_blork_the_orc

Skill      XL: |  1  2  3  4  5  6  7 |
---------------+----------------------+-----
Crossbows      | 5 6 7 |  7.8
Throwing       | 2 3 4 |  4.1
Fighting       | 3 |  3.6
Dodging        | 3 |  3.2
Armour         | 1 2 |  2.0
Stealth        | 2 |  2.2
Short Blades   | |  0.1
Evocations     | |  0.5

Action                   |  1- 3 |  4- 6 |  7- 9 || total
-------------------------+-------+-------+-------++-------
Melee: Short sword       |     2 |       |       ||     2
       Hand crossbow     |       |       |     4 ||     4
 Fire: Hand crossbow     |    44 |    60 |    45 ||   149
Throw: Dart              |       |   114 |    14 ||   128
Evoke: Wand              |       |     1 |     3 ||     4
  Eat: Chunk             |     8 |     7 |     3 ||    18
Armor: Leather armour    |     4 |     9 |       ||    13
Dodge: Dodged            |    20 |    52 |    12 ||    84
